 Dungeon Crawl Stone Soup version 0.18-a0-917-g8a3da5b (webtiles) character file.

52 tof the Grave Robber (level 3, 0/19 HPs)
             Began as a Deep Elf Necromancer on Dec 26, 2015.
             Slain by Sigmund
             ... wielding a +0 scythe
              (7 damage)
             ... on level 2 of the Dungeon.
             The game lasted 00:10:17 (2098 turns).

tof the Grave Robber (Deep Elf Necromancer)         Turns: 2098, Time: 00:10:17

Health: 0/19       AC:  6    Str:  5    XL:     3   Next: 60%
Magic:  9/10       EV: 11    Int: 20    God:
Gold:   56         SH:  0    Dex: 15    Spells: 2 memorised, 8 levels left

rFire  . . .     SeeInvis .     (no weapon)
rCold  . . .     Gourm    .     l - +0 mottled dragon armour
rNeg   . . .     Faith    .     (no shield)
rPois  .         Spirit   .     (no helmet)
rElec  .         Dismiss  .     (no cloak)
rCorr  .         Reflect  .     (no gloves)
SustAt .         Harm     .     (no boots)
MR     .....                    (no amulet)
Stlth  ++........               (no ring)
                                (no ring)

@: not resistant to hostile enchantments, unstealthy
A: no striking features
a: no special abilities


You were on level 2 of the Dungeon.
You were not hungry.

You visited 1 branch of the dungeon, and saw 2 of its levels.

You collected 56 gold pieces.

Inventory:

Armour
 a - a +0 robe
 e - a +0 robe
 l - a +0 mottled dragon armour (worn)
Scrolls
 m - a scroll of noise {unknown}
Potions
 f - a potion of might {unknown}
 g - a potion of agility {unknown}
 h - 2 potions of heal wounds {unknown}
 k - 2 potions of curing {unknown}
Books
 b - a book of Necromancy

   Spells                             Type                      Level
   a - Pain                           Necromancy                   1
   b - Animate Skeleton               Necromancy                   1
   c - Vampiric Draining              Necromancy                   3
   d - Regeneration                   Charms/Necromancy            3
   e - Animate Dead                   Necromancy                   4
   f - Control Undead                 Necromancy                   4
Comestibles
 c - a bread ration
 d - a meat ration
 i - 9 fruits
 j - 2 chunks of flesh


   Skills:
 + Level 0.1 Fighting
 + Level 2.8 Dodging
 + Level 2.4 Stealth
 + Level 4.0 Spellcasting
 + Level 5.7 Necromancy


You had 8 spell levels left.
You knew the following spells:

 Your Spells              Type           Power        Failure   Level  Hunger
a - Pain                  Necr           ####         2%          1    None
b - Animate Skeleton      Necr           N/A          2%          1    None


Dungeon Overview and Level Annotations

Branches:
Dungeon (2/15)

Altars:
Elyvilon

Annotations:
D:2 Sigmund


Message History

Sigmund convulses in agony!
Sigmund casts a spell at you.
You are confused.
You're too confused to cast spells.
You're too confused!
You're too confused to move!
Sigmund mumbles some strange words.
Sigmund flickers and vanishes!
Deactivating autopickup; reactivate with Ctrl-A.
You feel less confused.
There is a stone staircase leading up here.
You hear some strange, mumbled words.
You are confused.
There is a stone staircase leading up here.
Something hits you. Something hits you!
In your confused state, you trip and fall back down the stairs.
You feel less confused. Something hits you!
You die...

♣♣[.≈≈≈≈≈..♣♣ ♣...≈≈≈...♣
♣♣.......♣♣ ♣♣.....♣♣
♣♣...♣♣ ♣♣.....♣♣ ########
♣♣...(...♣
#......#########♣...≈≈≈...♣
#.####.##.......@..≈≈≈≈≈..#
#.......#.#####....≈≈♣≈≈(.#
#.####..#.# #....≈≈≈≈≈..#
#.#.......# #......≈≈≈...#
#.#.##..### ##...........#
#.......# ##.##.....#.#
#.......# #.# ##.###
###.##### #.# .. #.#


There were no monsters in sight!

Vanquished Creatures
  An adder (D:2)
  2 oozes (D:1)
  2 bats (D:1)
  5 goblins
  2 hobgoblins (D:1)
  3 kobolds (D:1)
  A giant cockroach (D:1)
  2 giant newts (D:1)
  8 jackals (D:1)
  4 rats (D:1)
30 creatures vanquished.

Vanquished Creatures (collateral kills)
  A bat (D:2)
  A goblin (D:1)
  2 rats
4 creatures vanquished.

Grand Total: 34 creatures vanquished

Notes
Turn   | Place    | Note
--------------------------------------------------------------
     0 | D:1      | tof the Deep Elf Necromancer began the quest for the Orb.
     0 | D:1      | Reached XP level 1. HP: 10/10 MP: 6/6
   140 | D:1      | Reached skill level 5 in Necromancy
   396 | D:1      | Reached XP level 2. HP: 15/15 MP: 6/8
   937 | D:1      | Learned a level 1 spell: Animate Skeleton
   980 | D:1      | Reached XP level 3. HP: 10/19 MP: 7/10
  1743 | D:1      | You fall through a shaft!
  1743 | D:2      | Found a white marble altar of Elyvilon.
  1743 | D:2      | Noticed Sigmund
  2098 | D:2      | Slain by Sigmund

Vault maps used:
D:1:      mrwooster_arrival_statue_3, kennysheep_decorative_pillar,
          kennysheep_boxes
D:2:      elyvilon_altar_3, nrook_mini_backslash, uniq_sigmund

Action                   || total
-------------------------++-------
Melee: Unarmed           ||     8
 Cast: Pain              ||    49
       Animate Skeleton  ||     7
  Eat: Bread ration      ||     1
       Chunk             ||     1
